 Dungeon Crawl Stone Soup version 0.19.1 (webtiles) character file.

1972 Malachi the Carver (level 9, -1/61 HPs)
             Began as a High Elf Fighter on Nov 25, 2016.
             Was a Follower of Zin.
             Killed by divine providence
             ... invoked by an orc priest
              (11 damage)
             ... on level 7 of the Dungeon.
             The game lasted 00:13:09 (7908 turns).

Malachi the Carver (High Elf Fighter)               Turns: 7908, Time: 00:13:10

Health: -1/61      AC: 11    Str: 21    XL:     9   Next: 0%
Magic:  10/10      EV: 11    Int: 14    God:    Zin [*.....]
Gold:   153        SH: 11    Dex: 21    Spells: 0 memorised, 8 levels left

rFire  . . .     SeeInvis .     a - +1 long sword
rCold  . . .     Gourm    .     y - +0 ring mail
rNeg   . . .     Faith    .     c - +0 shield
rPois  .         Spirit   .     D - +0 helmet
rElec  .         Reflect  .     e - +0 cloak
rCorr  .         Harm     .     t - +0 pair of gloves
MR     .....                    s - +0 pair of boots
Stlth  ++........               d - amulet of rage
                                (no ring)
                                o - +6 ring of strength

@: no status effects
A: talons 1, agile 1, clever 1
a: Recite, Donate Gold, Renounce Religion, Evoke Berserk Rage


You were on level 7 of the Dungeon.
You worshipped Zin.
Zin was aware of your devotion.
You were not hungry.

You visited 2 branches of the dungeon, and saw 8 of its levels.

You collected 253 gold pieces.
You spent 84 gold pieces at shops.
You donated 16 gold pieces to Zin.

Inventory:

Hand Weapons
 a - a +1 long sword (weapon)
 q - the +7 quarterstaff of Karma {drain, *Noise rElec rPois rN+}
   (You found it on level 5 of the Dungeon)

   A truly terrible weapon, it drains the life of those it strikes.
   It insulates you from electricity.
   It protects you from poison.
   It protects you from negative energy.
   It may make noises in combat.
   Zin disapproves of the use of such an item.
Armour
 c - a +0 shield (worn)
 e - a +0 cloak (worn)
 s - a +0 pair of boots (worn)
 t - a +0 pair of gloves (worn)
 y - a +0 ring mail (worn)
 D - a +0 helmet (worn)
Magical Staves
 b - an uncursed staff of cold
Jewellery
 d - an amulet of rage (around neck)
 o - a +6 ring of strength (left hand)
Wands
 n - a wand of iceblast (15/15)
 C - a wand of slowing (23/48)
Scrolls
 g - a scroll of random uselessness
 h - a scroll of remove curse
 m - 3 scrolls of fear
 r - 5 scrolls of recharging
 u - 5 scrolls of amnesia
Potions
 i - a potion of cure mutation
 j - 3 potions of heal wounds
 k - a potion of curing
 v - a potion of brilliance {unknown}
 w - a potion of berserk rage
 x - a potion of cancellation {unknown}
 z - a potion of invisibility {unknown}
 A - a potion of resistance {unknown}
 B - a potion of flight {unknown}
 E - a potion of degeneration {unknown}
Comestibles
 f - 6 bread rations
 l - a royal jelly
 p - 3 meat rations


   Skills:
 + Level 5.0 Fighting
 + Level 9.2 Long Blades
 + Level 5.3 Armour
 + Level 3.6 Dodging
 + Level 1.3 Stealth
 + Level 5.3 Shields


You had 8 spell levels left.
You didn't know any spells.

Dungeon Overview and Level Annotations

Branches:
Dungeon (7/15)             Temple (1/1) D:6

Altars:
Ashenzari
Cheibriados
Dithmenos
Elyvilon
Fedhas
Gozag
Hepliaklqana
Makhleb
Okawaru
Qazlal
Ru
Trog
Uskayaw
Vehumet
Xom
Yredelemnul
Zin
The Shining One

Shops:
D:6 ?(


Innate Abilities, Weirdness & Mutations

You have sharp toenails.
You are agile. (Dex +2)
Your mind is acute. (Int +2)


Message History

You closely miss the orc priest.
The orc priest is severely wounded.
You feel sick. You block the orc warrior's attack.
The orc priest closely misses you.
You closely miss the orc priest.
The orc priest is severely wounded.
The orc priest closely misses you.
The orc warrior hits you with a battleaxe!
* * * LOW HITPOINT WARNING * * *
You feel better.
The orc priest calls down the wrath of Beogh upon you.
Beogh smites you!
The orc warrior hits you with a battleaxe!
* * * LOW HITPOINT WARNING * * *
You hear a shout!
You hit the orc priest.
The orc priest is almost dead.
The orc priest invokes the aid of Beogh against you.
Beogh smites you!
You die...

..#....#..####+####..##....#
..#.(..#. #................#
..#....# #................#
).# #......##..##....# ..#
##.....##+## ....# ..#
###'#####..# ### ..#
#..........# ###
#....o†##..# #....o@##..#
##.....##a.# ########..#
..o# ...o .o.. ##..##


You could see an orc warrior and an orc priest.

Vanquished Creatures
  A water moccasin (D:5)
  An orc warrior (D:5)
  An ice beast (D:6)
  5 phantoms
  A sky beast (D:5)
  2 ogres
  2 bullfrogs (D:6)
  A scorpion (D:4)
  2 crimson imps
  A hound (D:6)
  3 orc wizards
  A bullfrog skeleton (D:5)
  An orc priest (D:3)
  Crazy Yiuf (D:2)
  A centaur skeleton (D:6)
  An iguana (D:6)
  5 worker ants
  A hound skeleton (D:4)
  2 hound zombies
  2 mummies
  3 gnolls (D:6)
  12 adders
  2 shadow imps
  An ooze (D:2)
  2 adder skeletons
  3 worms
  A dart slug (D:3)
  20 orcs
  7 bats
  7 giant cockroaches
  8 goblins
  3 hobgoblins
  14 jackals
  8 kobolds
  2 quokkas
  A ball python (D:5)
  4 frilled lizards
  2 hobgoblin zombies (D:4)
  A jackal skeleton (D:5)
  A leopard gecko skeleton (D:4)
  2 orc zombies (D:4)
  12 rats
151 creatures vanquished.

Notes
Turn   | Place    | Note
-------+----------+-------------------------------------------
     0 | D:1      | Malachi the High Elf Fighter began the quest for the Orb.
     0 | D:1      | Reached XP level 1. HP: 16/16 MP: 2/2
   172 | D:1      | Reached XP level 2. HP: 10/21 MP: 3/3
   745 | D:1      | Reached skill level 3 in Long Blades
   788 | D:1      | Reached XP level 3. HP: 26/26 MP: 4/4
  1003 | D:2      | Found a runed door.
  1470 | D:2      | Gained mutation: Your mind is acute. (Int +2) [potion of beneficial mutation]
  1471 | D:2      | Gained mutation: You are agile. (Dex +2) [potion of beneficial mutation]
  1574 | D:2      | Noticed Crazy Yiuf
  1584 | D:2      | Killed Crazy Yiuf
  1584 | D:2      | Reached skill level 1 in Dodging
  1584 | D:2      | Reached XP level 4. HP: 14/31 MP: 5/5
  2073 | D:3      | Found an iron altar of Okawaru.
  2239 | D:3      | Reached XP level 5. HP: 36/36 MP: 6/6
  2353 | D:3      | Reached skill level 4 in Long Blades
  3342 | D:4      | Noticed an ogre
  3351 | D:4      | Killed an ogre
  3351 | D:4      | Reached skill level 5 in Long Blades
  3351 | D:4      | Reached XP level 6. HP: 18/42 MP: 7/7
  3793 | D:4      | Found a shattered altar of Ashenzari.
  4084 | D:5      | Entered Level 5 of the Dungeon
  4410 | D:5      | Reached skill level 6 in Long Blades
  4780 | D:5      | Noticed a water moccasin
  4810 | D:5      | Killed a water moccasin
  4810 | D:5      | Reached XP level 7. HP: 5/48 MP: 8/8
  5494 | D:5      | Reached skill level 1 in Stealth
  5560 | D:5      | Reached skill level 7 in Long Blades
  5594 | D:5      | Got a polished quarterstaff
  5644 | D:5      | Reached XP level 8. HP: 54/54 MP: 9/9
  5704 | D:5      | Identified the +7 quarterstaff of Karma {drain, *Noise rElec rPois rN+} (You found it on level 5 of the Dungeon)
  6132 | D:6      | Reached skill level 5 in Shields
  6215 | D:6      | Reached skill level 8 in Long Blades
  6372 | D:6      | Gained mutation: You have sharp toenails. [potion of beneficial mutation]
  6377 | D:6      | Found Ucwanna's Magic Scroll Shoppe.
  6381 | D:6      | Bought a scroll of identify for 28 gold pieces
  6381 | D:6      | Bought a scroll of identify for 28 gold pieces
  6381 | D:6      | Bought a scroll of identify for 28 gold pieces
  6469 | D:6      | Found a staircase to the Ecumenical Temple.
  6665 | D:6      | Reached skill level 5 in Armour
  6853 | D:6      | Reached skill level 9 in Long Blades
  6901 | D:6      | Found Agiolud's Antique Weapon Boutique.
  7521 | Temple   | Entered the Ecumenical Temple
  7592 | Temple   | Became a worshipper of Zin the Law-Giver
  7592 | Temple   | Reached * piety under Zin
  7729 | D:7      | Reached skill level 5 in Fighting
  7749 | D:7      | Found a snail-covered altar of Cheibriados.
  7903 | D:7      | Reached XP level 9. HP: 51/61 MP: 10/10
  7908 | D:7      | Killed from afar by an orc priest

Skill      XL: |  1  2  3  4  5  6  7  8 |
---------------+-------------------------+-----
Shields        | 3 4 5 |  5.3
Long Blades    | 3 5 6 7 9 |  9.2
Armour         | 3 4 5 |  5.3
Dodging        | 1 2 3 |  3.6
Fighting       | 4 5 |  5.0
Stealth        | 1 |  1.3

Action                   |  1- 3 |  4- 6 |  7- 9 || total
-------------------------+-------+-------+-------++-------
Melee: Long sword        |   139 |   204 |   325 ||   668
       Kick              |       |       |    49 ||    49
 Abil: Evoke Berserk Rag |       |       |     1 ||     1
  Use: Scroll            |    10 |     2 |     5 ||    17
       Potion            |     3 |     3 |     3 ||     9
 Stab: Sleeping          |       |       |     2 ||     2
  Eat: Chunk             |     1 |    10 |     8 ||    19
       Pizza             |       |     1 |     1 ||     2
       Bread ration      |       |       |     1 ||     1
Armor: Scale mail        |    79 |    45 |       ||   124
       Ring mail         |       |    24 |    92 ||   116
       Skin              |       |       |     2 ||     2
Dodge: Dodged            |    60 |    62 |    90 ||   212
Block: Shield            |    92 |   102 |   151 ||   345
       Rpst.: Long sword |    18 |    23 |    24 ||    65
